Map: King's Cove LE

Players

Denver - Winner!

  • Race: Zerg Zerg
  • Spawn Location: 5:00

Serral

  • Race: Zerg Zerg
  • Spawn Location: 11:00

Event: 2019 WCS Summer

VOD

Have the link to the VOD?

Description

Time

  • Played on: July 13, 2019, 2:41 p.m.
  • Length: 8:49

All games in this series

Show
View Real Time Build Order
Export as new Build Order

Denver Zerg - Winner!

Build Orders: Hatch First 

Get SALT Encoding   

  12  0:00  Drone  
  13  0:13  Overlord  
  13  0:18  Drone  
  14  0:31  Drone x2  
  16  0:49  Hatchery  
  15  0:52  Drone  
  15  0:56  Drone  
  17  1:00  Drone  
  18  1:09  Extractor  
  17  1:15  Spawning Pool  
  16  1:18  Drone  
  16  1:21  Drone  
  18  1:29  Drone  
  20  1:40  Drone  
  20  1:50  Drone  
  21  2:02  Drone, Queen x2, Overlord  
  26  2:10  Metabolic Boost  
  26  2:12  Drone  
  26  2:15  Drone  
  28  2:23  Drone x2  
  30  2:38  Hatchery  
  30  2:39  Zergling x2  
  30  2:42  Drone  
  30  2:44  Drone  
  32  2:49  Baneling Nest  
  31  2:51  Zergling x2  
  31  2:57  Drone  
  33  2:58  Overlord  
  33  3:05  Zergling x2  
  34  3:12  Drone x2  
  36  3:13  Overlord  
  36  3:18  Drone x4  
  40  3:23  Overlord  
  40  3:30  Evolution Chamber  
  40  3:32  Zergling x4  
  41  3:35  Baneling x2  
  41  3:38  Zergling x2  
  42  3:43  Drone  
  42  3:44  Queen  
  42  3:46  Zergling x4  
  47  3:49  Drone  
  47  3:51  Drone  
  48  3:57  Zerg Missile Weapons Level 1  
  48  3:58  Drone  
  48  3:59  Drone  
  49  4:04  Drone x2  
  49  4:10  Queen  
  49  4:11  Drone x2  
  49  4:12  Drone  
  49  4:14  Drone  
  53  4:17  Drone  
  53  4:20  Drone x2  
  55  4:25  Overlord  
  55  4:26  Drone x2  
  55  4:27  Drone  
  57  4:31  Drone x2  
  57  4:34  Drone  
  59  4:40  Drone  
  59  4:42  Baneling x2  
  59  4:45  Drone x2, Roach Warren  
  60  4:46  Extractor  
  60  4:47  Extractor  
  60  4:49  Drone x2  
  60  4:50  Drone  
  62  4:55  Lair  
  62  4:57  Drone x2  
  62  4:59  Zergling x4  
  66  5:04  Drone x2  
  68  5:08  Drone x2, Extractor  
  69  5:20  Drone x10  
  67  5:24  Drone x3  
  67  5:26  Baneling x2  
  69  5:35  Drone x3  
  72  5:41  Drone  
  72  5:42  Pneumatized Carapace  
  73  5:44  Extractor  
  73  5:46  Drone  
  73  5:47  Hatchery  
  73  5:49  Overlord  
  72  5:54  Drone  
  72  5:55  Overlord  
  72  5:56  Glial Reconstitution  
  73  6:00  Overlord  
  73  6:03  Extractor, Zerg Missile Weapons Level 2  
  72  6:06  Evolution Chamber  
  72  6:07  Drone x3  
  72  6:08  Drone  
  72  6:11  Drone x3  
  78  6:12  Drone  
  78  6:13  Drone  
  78  6:16  Overlord  
  78  6:18  Overlord  
  80  6:19  Overseer  
  80  6:24  Roach x3  
  86  6:26  Roach  
  86  6:31  Zerg Ground Armor Level 1  
  90  6:32  Roach  
  90  6:33  Roach  
  90  6:35  Roach  
  90  6:38  Roach x2  
  98  6:41  Baneling x4  
  98  6:47  Roach x3  
  98  6:48  Spore Crawler  
  98  6:52  Roach x3  
  109  6:54  Overlord  
  109  7:01  Roach x4  
  117  7:05  Roach  
  117  7:06  Overlord  
  117  7:07  Overlord  
  119  7:10  Overlord  
  119  7:18  Roach x4  
  119  7:21  Overlord x2  
  127  7:30  Roach x6  
  127  7:35  Roach x3  
  127  7:36  Ravager  
  143  7:39  Roach x2  
  133  7:46  Roach x4  
  133  7:48  Drone x2  
  142  7:53  Drone  
  142  7:54  Drone x2  
  142  7:55  Overseer  
  145  8:00  Roach x2  
  149  8:06  Roach x3  
  149  8:09  Ravager x2  
  149  8:10  Ravager x3  
  160  8:13  Drone x2  
  160  8:17  Roach x2  
  166  8:21  Roach  
  166  8:25  Overlord  
Show
View Real Time Build Order
Export as new Build Order

Serral Zerg 

Build Orders: Hatch First 

Get SALT Encoding   

  12  0:00  Drone  
  13  0:12  Overlord  
  13  0:18  Drone  
  14  0:30  Drone x2  
  16  0:49  Hatchery  
  15  0:52  Drone  
  15  0:56  Drone  
  17  1:00  Drone  
  18  1:10  Extractor  
  17  1:15  Spawning Pool  
  16  1:18  Drone  
  16  1:22  Drone  
  18  1:28  Drone  
  19  1:39  Drone  
  20  1:51  Drone  
  21  2:00  Overlord  
  21  2:02  Queen x2  
  21  2:03  Zergling x2  
  26  2:11  Metabolic Boost  
  26  2:12  Drone  
  26  2:15  Drone  
  28  2:22  Drone  
  29  2:23  Drone  
  30  2:39  Hatchery  
  30  2:43  Drone x2  
  31  2:49  Baneling Nest  
  30  2:53  Overlord  
  30  3:00  Drone x2  
  32  3:07  Drone  
  32  3:09  Zergling x4  
  35  3:13  Drone  
  35  3:14  Zergling x6  
  35  3:16  Zergling x2  
  40  3:20  Overlord  
  40  3:25  Zergling x4  
  42  3:30  Queen  
  44  3:36  Baneling x2  
  44  3:39  Drone  
  45  3:41  Evolution Chamber  
  45  3:42  Drone  
  45  3:45  Drone x2  
  45  3:47  Drone  
  48  3:49  Drone  
  48  3:54  Overlord  
  49  3:57  Drone  
  49  3:58  Drone  
  50  4:03  Drone  
  50  4:09  Zergling x4  
  51  4:10  Zergling x2, Drone x2  
  51  4:16  Zerg Missile Weapons Level 1  
  53  4:17  Baneling x2  
  53  4:18  Extractor  
  53  4:23  Zergling x6  
  53  4:24  Drone x2  
  56  4:26  Drone  
  56  4:28  Drone  
  56  4:29  Drone  
  56  4:30  Drone  
  60  4:38  Drone x2  
  60  4:39  Roach Warren  
  60  4:43  Overlord  
  59  4:47  Lair, Extractor  
  59  4:49  Zergling x2  
  59  4:51  Zergling x2  
  60  4:53  Baneling x2  
  60  4:54  Drone  
  60  4:56  Drone  
  60  4:57  Drone  
  63  5:02  Drone x2  
  63  5:05  Drone x3  
  63  5:06  Drone  
  69  5:14  Drone x2  
  70  5:16  Drone  
  70  5:17  Drone  
  70  5:18  Drone  
  70  5:20  Drone x2  
  72  5:23  Drone, Extractor  
  72  5:25  Baneling x2  
  72  5:27  Overlord  
  72  5:28  Drone  
  73  5:29  Overlord  
  73  5:34  Overlord  
  73  5:39  Pneumatized Carapace  
  73  5:42  Extractor  
  71  5:43  Extractor  
  71  5:44  Drone x2  
  71  5:45  Glial Reconstitution  
  71  5:46  Baneling  
  72  5:50  Hatchery  
  72  5:51  Roach x2  
  72  5:53  Drone x2  
  72  5:54  Drone, Overseer  
  78  5:57  Drone x2  
  82  6:04  Drone x3, Evolution Chamber  
  82  6:09  Overlord x2  
  82  6:15  Baneling  
  86  6:18  Roach x2  
  86  6:27  Roach x5  
  86  6:31  Zerg Ground Armor Level 1  
  96  6:35  Overlord  
  96  6:36  Overlord  
  96  6:37  Spore Crawler  
  96  6:39  Drone  
  96  6:41  Drone x2  
  96  6:42  Drone  
  96  6:45  Roach x2  
  103  6:49  Roach x2  
  107  6:54  Drone  
  107  6:57  Overseer  
  107  6:58  Roach x4  
  116  7:04  Queen, Overlord  
  116  7:05  Overlord  
  118  7:09  Roach x2  
  118  7:11  Ravager x3  
  118  7:12  Ravager  
  118  7:15  Infestation Pit  
  125  7:18  Roach x3  
  125  7:22  Roach x3  
  137  7:30  Roach x5  
  135  7:48  Drone x8  
  135  7:49  Drone x4  
  142  7:53  Roach  
  144  7:59  Roach x4  
  144  8:05  Overlord x5  
  152  8:09  Overlord  
  152  8:11  Overlord  
  152  8:14  Overlord  
  152  8:23  Ravager x2  
  152  8:24  Ravager x2  
  152  8:25  Roach x6  
  168  8:29  Roach x2  
Tags
 
Add a new tag
Caveats
  • Supply blocks, unpowered buildings, or Contaminate may cause inaccurate times.
  • Supply counts are checked every 10 seconds.